 Dungeon Crawl Stone Soup version 0.21.1-1-g345015fe64 (webtiles) character file.

76 Ivernyr the Charmwright (level 4, 0/34 HPs)
             Began as a Demonspawn Skald on Apr 26, 2018.
             Slain by an iguana (5 damage)
             ... on level 3 of the Dungeon.
             The game lasted 00:04:13 (3036 turns).

Ivernyr the Charmwright (Demonspawn Skald)          Turns: 3036, Time: 00:04:14

Health: 0/34       AC:  5    Str: 11    XL:     4   Next: 12%
Magic:  1/7        EV: 12    Int: 15    God:
Gold:   74         SH:  0    Dex: 13    Spells: 2/7 levels left

rFire    . . .     SeeInvis .   a - +0 falchion
rCold    . . .     Gourm    .   (no shield)
rNeg     . . .     Faith    .   b - +0 leather armour
rPois    .         Spirit   .   (no helmet)
rElec    .         Reflect  .   (no cloak)
rCorr    .         Harm     .   (no gloves)
MR       .....                  (no boots)
Stlth    +.........             (no amulet)
HPRegen  0.11/turn              (no ring)
MPRegen  0.10/turn              (no ring)

@: singing
A: icy blue scales 1
a: no special abilities


You were on level 3 of the Dungeon.
You were hungry.

You visited 1 branch of the dungeon, and saw 3 of its levels.

You collected 74 gold pieces.

Inventory:

Hand Weapons
 a - a +0 falchion (weapon)
Armour
 b - a +0 leather armour (worn)
Scrolls
 e - 2 scrolls of remove curse {unknown}
 f - 3 scrolls of identify {unknown}
 g - a scroll of magic mapping {unknown}
 h - 2 scrolls of teleportation {unknown}
 i - a scroll of immolation {unknown}
Books
 c - a book of Battle

   Spells                             Type                      Level
   a - Infusion                       Charms                       1
   b - Shroud of Golubria             Charms/Translocation         2
   c - Song of Slaying                Charms                       2
   d - Spectral Weapon                Hexes/Charms                 3
   e - Regeneration                   Charms/Necromancy            3
Comestibles
 d - 3 rations


   Skills:
 + Level 2.5 Fighting
 + Level 2.3 Long Blades
 * Level 2.4 Armour
 - Level 1.7 Dodging
 - Level 2.0 Spellcasting
 + Level 3.1 Charms


You had 2 spell levels left.
You knew the following spells:

 Your Spells              Type           Power        Failure   Level  Hunger
a - Shroud of Golubria    Chrm/Tloc      #.........   24%         2    ###....
b - Song of Slaying       Chrm           ##......     12%         2    ###....
c - Infusion              Chrm           ##..         9%          1    #......


Dungeon Overview and Level Annotations

Branches:
Dungeon (3/15)

Altars:
Yredelemnul


Innate Abilities, Weirdness & Mutations

You are partially covered in icy blue scales. (AC +2)


Message History

You hit the iguana but do no damage. The hobgoblin closely misses you.
You hit the hobgoblin.
You kill the hobgoblin!
The iguana bites you!
Your shroud falls apart!
You hit the iguana.
The iguana is lightly wounded.
The iguana bites you.
You hit the iguana but do no damage.
The iguana is lightly wounded.
The iguana bites you. x2
* * * LOW HITPOINT WARNING * * *
You hit the iguana.
The iguana is moderately wounded.
The iguana barely misses you.
You riposte.
You hit the iguana but do no damage.
The iguana is moderately wounded.
Your leather armour prevents you from hitting the iguana.
The iguana is moderately wounded.
The iguana bites you.
You die...

#### ######### ...
#.......##
#.#########.#####.#.
#...........#####...
###...........##......
#...l@........##......
.....#)...............#.
...............####.#.#.
...............+........
...............####.....
......####............#.
...... #..............
#+###. #..............
+...........#[.


You could see an iguana.

Vanquished Creatures
  An adder (D:2)
  3 worms
  2 dart slugs (D:2)
  A leopard gecko (D:3)
  4 orcs (D:2)
  A ball python (D:1)
  2 giant cockroaches
  5 goblins
  4 hobgoblins
  3 quokkas (D:2)
  8 bats
  3 frilled lizards
  5 kobolds
  6 rats
  A spectral orc (D:2)
49 creatures vanquished.

Notes
Turn   | Place    | Note
-------+----------+-------------------------------------------
     0 | D:1      | Ivernyr the Demonspawn Skald began the quest for the Orb.
     0 | D:1      | Reached XP level 1. HP: 16/16 MP: 3/3
    31 | D:1      | Reached skill level 1 in Armour
   178 | D:1      | Gained mutation: You are partially covered in icy blue scales. (AC +2) [demonic ancestry]
   178 | D:1      | Reached XP level 2. HP: 19/22 MP: 5/5
   761 | D:2      | Learned a level 2 spell: Song of Slaying
   764 | D:2      | Learned a level 2 spell: Shroud of Golubria
   915 | D:2      | Reached XP level 3. HP: 22/28 MP: 6/6
  1165 | D:2      | Reached skill level 3 in Charms
  2585 | D:2      | Found a basalt altar of Yredelemnul.
  2747 | D:3      | Reached XP level 4. HP: 30/34 MP: 7/7
  3036 | D:3      | Slain by an iguana

Skill      XL: |  1  2  3 |
---------------+----------+-----
Armour         | 1 2 |  2.4
Long Blades    | 2 |  2.3
Charms         | 3 |  3.1
Fighting       | |  2.5
Dodging        | |  1.7
Spellcasting   | |  2.0

Action                   |  1- 3 |  4- 6 || total
-------------------------+-------+-------++-------
Melee: Falchion          |   155 |    21 ||   176
 Cast: Shroud of Golubri |     6 |     1 ||     7
       Song of Slaying   |     1 |     1 ||     2
 Stab: Sleeping          |     2 |       ||     2
  Eat: Chunk             |     6 |     1 ||     7
Armor: Leather armour    |    66 |     4 ||    70
Dodge: Dodged            |   119 |     9 ||   128
       Rpst.: Falchion   |    41 |     5 ||    46
